 Dungeon Crawl Stone Soup version 0.29-a0-284-gf9362112df (webtiles) character file.

Game seed: 8535319850837090445

8232 sammy202020 the Fighter (level 11, -2/109 HPs)
             Began as a Gargoyle Berserker on Mar 22, 2022.
             Was an Elder of Trog.
             Slain by a yak (8 damage)
             ... on level 9 of the Dungeon.
             The game lasted 00:14:32 (9160 turns).

sammy202020 the Fighter (Gargoyle Berserker)        Turns: 9160, Time: 00:14:33

Health: -2/109     AC: 34    Str: 21    XL:     11   Next: 27%
Magic:  11/11      EV:  8    Int: 10    God:    Trog [****..]
Gold:   1583       SH:  0    Dex: 11    Spells: 10/10 levels left

rFire   . . .      SeeInvis .   h - +5 dire flail (vorpal)
rCold   . . .      Faith    .   (shield currently unavailable)
rNeg    + . .      Spirit   .   t - +0 plate armour
rPois   ∞          Reflect  .   u - +2 helmet
rElec   +          Harm     .   g - +2 cloak
rCorr   +          Rampage  .   z - +2 pair of gloves
Will    +++..                   n - +0 pair of boots
Stlth   ..........              (no amulet)
HPRegen 1.28/turn               k - ring of willpower
MPRegen 0.12/turn               F - ring of resist corrosion

@: mighty, berserking, strong-willed (expiring), regenerating (expiring),
hasted, very quick
A: sickness immunity, AC +8, negative energy resistance 1, electricity
resistance, torment resistance 1, petrification resistance
a: Renounce Religion, Berserk, Trog's Hand, Brothers in Arms


You were on level 9 of the Dungeon.
You worshipped Trog.
Trog was greatly pleased with you.
You visited 1 branch of the dungeon, and saw 9 of its levels.

You collected 1583 gold pieces.

Inventory:

Hand Weapons
 h - a +5 vorpal dire flail (weapon)
 N - a +2 hand axe of draining
Missiles
 j - 12 boomerangs (quivered)
 m - 25 poisoned darts
 A - a throwing net
 M - a curare-tipped dart
Armour
 f - the +2 robe of Pan-Flutes {rPois rF+}
   (You found it on level 3 of the Dungeon)

   rF:        It protects you from fire.
   rPois:     It protects you from poison.
 g - a +2 cloak (worn)
 n - a +0 pair of boots (worn)
 t - a +0 plate armour (worn)
 u - a +2 helmet (worn)
 w - the +1 Delatra's gloves {ID++}
   (You found it on level 3 of the Dungeon)

   It heals its wearer when they drink unknown potions.
   It restores its wearer's MP when they read unknown scrolls.
 z - a +2 pair of gloves (worn)
Jewellery
 k - a ring of willpower (left hand)
 o - a ring of ice
 p - a +4 ring of protection
 F - a ring of resist corrosion (right hand)
 K - a ring of fire
Wands
 a - a wand of paralysis (3)
 b - a wand of mindburst (21)
 l - a wand of polymorph (9)
 q - a wand of charming (8)
 G - a wand of acid (2)
 J - a wand of iceblast (2)
Scrolls
 r - 3 scrolls of noise
 s - 4 scrolls of teleportation
 y - 4 scrolls of identify
Potions
 c - 3 potions of attraction
 i - 2 potions of degeneration
 v - a potion of curing
 D - a potion of mutation
 E - a potion of invisibility
 H - a potion of ambrosia
 I - 3 potions of brilliance


   Skills:
 * Level 10.6 Fighting
 * Level 9.8 Maces & Flails
 * Level 10.3 Armour
 + Level 5.6 Dodging


You had 10 spell levels left.
You didn't know any spells.
Your spell library was empty.

Dungeon Overview and Level Annotations

Branches:
Dungeon (9/15)             Temple (0/1) D:6
   Lair: D:8-11         Orc: D:9-12

Altars:
Dithmenos
Gozag
Okawaru
Qazlal
Ru
Xom
Zin
The Shining One

Shops:
D:2 (

Annotations:
D:4 1 runed translucent door, spaghetti's ghost, amateur DsBe


Innate Abilities, Weirdness & Mutations

You are immune to sickness and miasma.
Your stone body is resilient. (AC +8)
You are immune to poison.
You resist negative energy. (rN+)
You are resistant to electric shocks. (rElec)
You are resistant to unholy torment.
You are immune to petrification.


Message History

* * * LOW HITPOINT WARNING * * *
The yak barely misses you.
The yak gores you but does no damage. x2
You closely miss the yak. The yak barely misses you.
The yak gores you but does no damage. The yak closely misses you.
The yak gores you but does no damage. x2
You puncture the yak!
The yak is heavily wounded.
You bludgeon the yak!!
You kill the yak!
Trog accepts your kill. The yak barely misses you.
The yak gores you but does no damage. x2
You bludgeon the yak!!
The yak is almost dead.
You barely miss the yak.
The yak is almost dead.
The yak gores you!
* * * LOW HITPOINT WARNING * * *
The yak gores you but does no damage. The yak closely misses you.
The yak gores you but does no damage.
You closely miss the yak.
The yak is heavily wounded.
You sock the yak!
The yak is almost dead.
The yak gores you but does no damage. x2; The yak gores you!
* * * LOW HITPOINT WARNING * * *
The yak barely misses you. The yak gores you but does no damage.
You impale the yak!!
You kill the yak!
Trog accepts your kill.
You bludgeon the yak!!
The yak is severely wounded.
You feel the effects of Trog's Hand fading.
The yak barely misses you. The yak gores you but does no damage.
The yak closely misses you. The yak gores you but does no damage.
You thump the yak!
The yak is almost dead.
You closely miss the yak.
The yak is almost dead.
The yak gores you but does no damage. The yak gores you!
You die...

............../....
....................
....................
>.!.....))).........
...........<).......
..........)........
..........).Y......
#########..YYY#####
#...@Y# #.....#
#.....# #.....#
#.....# #.....#
#.....# #.....#
#.....#


You could see 5 yaks.

Vanquished Creatures
  A hydra (D:8)
  2 two-headed ogres (D:9)
  A deep elf pyromancer (D:8)
  A gargoyle (D:8)
  2 kobold demonologists (D:9)
  A hornet (D:8)
  A tarantella (shapeshifter) (D:8)
  Eustachio (D:4)
  11 yaks
  A vampire (D:9)
  A wyvern (D:5)
  2 acid dragons
  Edmund (D:4)
  A sky beast (D:6)
  An ice beast (D:6)
  A black bear (D:7)
  A centaur (D:6)
  4 kobold brigands
  4 phantoms
  Blork the orc (D:4)
  A bullfrog (D:8)
  A scorpion (D:6)
  A necrophage (D:6)
  3 wights (D:8)
  6 howler monkeys (D:9)
  5 hounds
  2 jellies
  4 orc priests
  A gnoll shaman (D:9)
  4 iguanas
  7 orc wizards
  Ijyb (D:3)
  10 gnolls
  6 adders
  An ufetubus (D:4)
  4 dart slugs
  33 orcs
  5 endoplasms
  6 giant cockroaches
  7 goblins
  7 hobgoblins
  4 jackals (D:5)
  27 kobolds
  5 quokkas
  10 ball pythons
  17 bats
  2 frilled lizards (D:2)
  2 rats
221 creatures vanquished.

Vanquished Creatures (others)
  2 plants (D:3)
  2 withered plants (D:4)
4 creatures vanquished.

Grand Total: 225 creatures vanquished

Notes
Turn   | Place    | Note
-------+----------+-------------------------------------------
     0 | D:1      | sammy202020 the Gargoyle Berserker began the quest for the
                  | Orb.
     0 | D:1      | Reached XP level 1. HP: 14/14 MP: 1/1
   240 | D:1      | Reached XP level 2. HP: 19/19 MP: 2/2
   299 | D:1      | Found a faded altar of an unknown god.
   650 | D:1      | Reached XP level 3. HP: 22/23 MP: 3/3
   790 | D:1      | Reached ** piety under Trog
  1456 | D:2      | Found a glowing golden altar of the Shining One.
  1647 | D:2      | Found Wesumn's Antique Weapon Boutique.
  2314 | D:3      | Found the +1 Delatra's gloves {ID++}
  2319 | D:3      | HP: 1/24 [orc wizard/+0 dagger (3)]
  2330 | D:3      | Reached XP level 4. HP: 29/29 MP: 4/4
  2687 | D:3      | Noticed Ijyb
  2712 | D:3      | Killed Ijyb
  3039 | D:3      | Identified the +2 robe of Pan-Flutes {rPois rF+}
  3244 | D:3      | Found Zufask's Armour Boutique.
  3342 | D:3      | Reached XP level 5. HP: 33/33 MP: 5/5
  3515 | D:4      | Noticed Edmund
  3529 | D:4      | Killed Edmund
  3530 | D:4      | Reached XP level 6. HP: 26/39 MP: 6/6
  3575 | D:4      | Reached skill level 5 in Fighting
  3746 | D:4      | Noticed Blork the orc
  3757 | D:4      | Killed Blork the orc
  3758 | D:4      | Reached XP level 7. HP: 44/44 MP: 7/7
  3880 | D:4      | Noticed Eustachio
  3912 | D:4      | Killed Eustachio
  3913 | D:4      | Reached skill level 5 in Maces & Flails
  3913 | D:4      | Reached skill level 5 in Armour
  4102 | D:4      | Found a runed translucent door.
  4102 | D:4      | Noticed spaghetti's ghost (amateur DsBe)
  4418 | D:4      | Reached *** piety under Trog
  4724 | D:4      | Found an iron altar of Okawaru.
  4907 | D:4      | Reached XP level 8. HP: 48/51 MP: 8/8
  4992 | D:5      | Entered Level 5 of the Dungeon
  5587 | D:5      | Noticed a wyvern
  5591 | D:5      | Killed a wyvern
  5915 | D:6      | Found a staircase to the Ecumenical Temple.
  5993 | D:6      | Noticed a yak
  6004 | D:6      | Killed a yak
  6040 | D:6      | Reached XP level 9. HP: 37/57 MP: 9/9
  6221 | D:6      | Reached **** piety under Trog
  6531 | D:6      | Found a sacrificial altar of Ru.
  6550 | D:6      | Found an opulent altar of Gozag.
  6571 | D:6      | Found a stormy altar of Qazlal.
  6653 | D:6      | Found a shadowy altar of Dithmenos.
  7225 | D:7      | Reached XP level 10. HP: 65/65 MP: 10/10
  7262 | D:7      | Found a shimmering altar of Xom.
  7381 | D:7      | Identified a scroll of acquirement
  7381 | D:7      | Acquired 1145 gold pieces
  7482 | D:7      | Found a glowing golden altar of the Shining One.
  7747 | D:7      | Found a glowing silver altar of Zin.
  7747 | D:7      | Noticed an angel
  7888 | D:8      | Noticed a deep elf pyromancer
  7907 | D:8      | Killed a deep elf pyromancer
  8293 | D:8      | Noticed a gargoyle
  8300 | D:8      | Noticed a five-headed hydra
  8312 | D:8      | Killed a gargoyle
  8334 | D:8      | Killed a five-headed hydra
  8335 | D:8      | Reached skill level 5 in Dodging
  8964 | D:9      | Noticed a kobold demonologist
  8964 | D:9      | Noticed a kobold demonologist
  8969 | D:9      | Killed a kobold demonologist
  8976 | D:9      | Killed a kobold demonologist
  8977 | D:9      | Reached skill level 10 in Fighting
  9001 | D:9      | Noticed a two-headed ogre
  9008 | D:9      | Noticed a two-headed ogre
  9013 | D:9      | Killed a two-headed ogre
  9014 | D:9      | Reached skill level 10 in Armour
  9014 | D:9      | Reached XP level 11. HP: 41/72 MP: 11/11
  9021 | D:9      | Killed a two-headed ogre
  9156 | D:9      | HP: 3/109 [yak (12)]
  9160 | D:9      | Slain by a yak

Illustrated notes

Levels and vault maps discovered:
D:1:      lightli_arrival_quake, layout_basic, nicolae_ecumenical_snake_handling
D:2:      layout_basic, serial_shops, nicolae_shop_hallway_plus, basic_altar,
          chequers_garden
D:3:      wad_lake_hut, layout_basic, serial_shops, shop_fountains,
          pf_guarded_unrand_delatra, uniq_ijyb
D:4:      layout_basic, kennysheep_okawaru_gauntlet, enter_ossuary_2,
          gammafunk_ghost_grave, minmay_pentomino_pile, uniq_blork_the_orc,
          uniq_edmund, uniq_eustachio
D:5:      minmay_spotlight, layout_basic
D:6:      layout_cave_pools, mainiacjoe_overflow_brackets,
          grunt_dithmenos_shadows, minmay_temple_entry_drinking_statues,
          hangedman_feature_mirror, roderic_roman_lattice
D:7:      layout_basic, nicolae_tso_carved_into_rock, zin_angel,
          mainiacjoe_overflow_24_doors, roderic_batcave
D:8:      layout_gridville, kb_rosetta
D:9:      layout_cross, kennysheep_orc_monster_closet_entryway,
          hangedman_decor_riveting

Skill      XL: |  1  2  3  4  5  6  7  8  9 10 |
---------------+-------------------------------+-----
Armour         | 3 4 5 6 8 10 | 10.3
Dodging        | 2 3 4 5 |  5.6
Fighting       | 4 5 6 7 8 10 | 10.6
Maces & Flails | 4 5 6 8 9 |  9.8

Action                   |  1- 3 |  4- 6 |  7- 9 | 10-12 || total
-------------------------+-------+-------+-------+-------++-------
Melee: Mace              |   152 |    55 |       |       ||   207
       Dire flail        |       |    21 |   285 |   191 ||   497
Throw: Boomerang         |       |       |     4 |       ||     4
Invok: Berserk           |     1 |     2 |       |     4 ||     7
       Trog's Hand       |     1 |       |     2 |     4 ||     7
  Use: Potion            |     2 |       |       |     3 ||     5
       Scroll            |       |    13 |     2 |     8 ||    23
Armor: Animal skin       |    24 |       |       |       ||    24
       Scale mail        |    61 |       |       |       ||    61
       Plate armour      |    38 |    73 |   285 |   217 ||   613
Dodge: Dodged            |    91 |    29 |   130 |   108 ||   358

Table legend: (Time is in decaauts)
 A = Elapsed time spent in this place.
 B = Non-inter-level travel time spent in this place.
 C = Inter-level travel time spent in this place.
 D = Time resting spent in this place.
 E = Time spent auto-exploring this place.
 F = Levels seen in this place.
 G = Mean time per level.
                   A        B        C        D        E       F      G
               +--------+--------+--------+--------+--------+-----+--------+
         Total |   9270 |   9006 |    264 |    673 |   6588 |   9 | 1030.0 |
       Dungeon |   9270 |   9006 |    264 |    673 |   6588 |   9 | 1030.0 |
               +--------+--------+--------+--------+--------+-----+--------+

Top non-repeatable levels by time:
     D:4: 1497 daAuts
     D:1: 1466 daAuts
     D:3: 1381 daAuts
     D:8: 1129 daAuts
     D:7: 1113 daAuts
     D:6: 917 daAuts
     D:5: 820 daAuts
     D:2: 764 daAuts
     D:9: 180 daAuts
